AoeStats
← KKKabrera

Black Forest

510342941Analyzed
2v2 RM · 16h ago on Sep 30, 2026· 52m 34s· 4 players
Game mode
Random Map
Map size
Medium (4 player)
Population
200
Speed
Normal
Resources
Standard
Victory
Conquest
Starting age
Dark Age
Ending age
Imperial Age
RankedLock teamsTeams togetherTeam positionsShared explorationLock speedFull tech treeHidden civsTurbo modeCheats
Victory
Defeat
🇹🇷 Franks · Türkiye
525
+20
🇫🇷 Spanish · France
498
+21
🇪🇨 Wei · Ecuador
643
-22
🇨🇱 Spanish · Chile
573
-19
Israelo517
18:30 Feudal Age
20:07 Double-Bit Axe
21:01 Wheelbarrow
20:18 Stone Mining
20:11 Man-at-Arms
21:57 Gold Mining
21:51 Horse Collar
31:55 Castle Age
31:14 Fletching
31:35 Forging
31:42 Bloodlines
32:57 Bow Saw
33:07 Hand Cart
33:35 Gold Shaft Mining
33:03 Heavy Plow
33:41 Stone Shaft Mining
41:32 Imperial Age
39:37 Fortified Wall
39:24 Murder Holes
39:11 Treadmill Crane
40:28 Masonry
42:06 Elite Tiger Cavalry
43:07 Conscription
42:12 Elite Skirmisher
43:59 Chemistry
44:34 Parthian Tactics
43:32 Pikeman
44:13 Squires
43:42 Light Cavalry
44:23 Husbandry
45:51 Halberdier
KKKabrera
0:57 Loom
16:20 Feudal Age
17:00 Town Watch
17:29 Double-Bit Axe
19:01 Wheelbarrow
22:49 Scale Barding Armor
22:46 Padded Archer Armor
22:36 Fletching
22:57 Forging
23:10 Horse Collar
26:49 Castle Age
25:28 Stone Mining
25:31 Gold Mining
28:22 Bow Saw
28:51 Stone Shaft Mining
28:19 Heavy Plow
28:37 Hand Cart
28:39 Bodkin Arrow
28:46 Scale Mail Armor
29:27 Town Patrol
32:33 Fervor
33:05 Bloodlines
32:55 Husbandry
34:11 Masonry
33:57 Murder Holes
36:55 Imperial Age
35:43 Fortified Wall
36:26 Chain Barding Armor
36:35 Leather Archer Armor
38:54 Chemistry
38:15 Ballistics
38:27 Architecture
38:13 Caravan
40:36 Cavalier
43:52 Redemption
47:56 Elite Conquistador
catin
2:04 Loom
17:00 Feudal Age
19:28 Wheelbarrow
21:10 Double-Bit Axe
24:07 Horse Collar
31:41 Castle Age
30:34 Stone Mining
30:35 Gold Mining
32:53 Hand Cart
32:58 Caravan
33:24 Heavy Plow
33:41 Bow Saw
37:02 Imperial Age
37:05 Pikeman
37:46 Squires
39:12 Fortified Wall
39:47 Arrowslits
41:03 Chemistry
40:07 Murder Holes
40:58 Coinage
43:27 Bombard Tower
43:28 Ballistics
42:58 Guard Tower
42:46 Elite Conquistador
48:27 Keep
musaugal7
0:44 Loom
11:43 Feudal Age
13:23 Wheelbarrow
18:31 Double-Bit Axe
19:56 Stone Mining
19:57 Gold Mining
24:21 Castle Age
22:07 Man-at-Arms
25:06 Husbandry
25:57 Caravan
28:37 Gold Shaft Mining
29:15 Hand Cart
31:30 Town Watch
33:44 Bow Saw
37:46 Imperial Age
35:11 Ordonnance Companies
36:29 Ballistics
39:34 Chemistry
38:41 Elite Throwing Axeman
39:12 Capped Ram
42:55 Chivalry
43:16 Conscription
45:03 Hoardings
46:54 Cavalier
49:36 Paladin
51:35 Pikeman
52:16 Squires
Connection lost

Rejoining the realm…

Still unreachable

The connection could not be restored.

Session expired

The server has moved on; the page needs a fresh start.